 Dungeon Crawl Stone Soup version 0.29.0-10-g45618ea6d2 (webtiles) character file.

Game seed: 11596708443628713607

238 bearlyready the Sneak (level 6, 0/36 HPs)
             Began as a Kobold Brigand on Sept 1, 2022.
             Killed by nerve-wracking pain
             ... invoked by Grinder
              (13 damage)
             ... on level 4 of the Dungeon.
             The game lasted 00:05:44 (3005 turns).

bearlyready the Sneak (Kobold Brigand)              Turns: 3005, Time: 00:05:45

Health: 0/36       AC:  6    Str:  8    XL:     6   Next: 28%
Magic:  6/6        EV: 18    Int: 12    God:
Gold:   228        SH:  0    Dex: 19    Spells: 5/5 levels left

rFire   . . .      SeeInvis .   a - +2 dagger
rCold   . . .      Faith    .   (no shield)
rNeg    . . .      Spirit   .   x - +0 steam dragon scales
rPois   .          Reflect  .   (no helmet)
rElec   .          Harm     .   c - +0 cloak
rCorr   .          Rampage  .   (no gloves)
Will    .....                   (no boots)
Stlth   +++++.....              (no amulet)
HPRegen 0.12/turn               (no ring)
MPRegen 0.10/turn               (no ring)

@: no status effects
A: small, no large weapons, nightstalker 3
a: no special abilities


You were on level 4 of the Dungeon.
You visited 1 branch of the dungeon, and saw 4 of its levels.

You collected 228 gold pieces.

Inventory:

Hand Weapons
 a - a +2 dagger (weapon)
Missiles
 d - 15 poisoned darts (quivered)
 e - 3 curare-tipped darts
Armour
 b - a +0 robe
 c - a +0 cloak (worn)
 l - an orb of energy
 s - the +3 ring mail of Noughts and Crosses {rC+}
   (You found it on level 3 of the Dungeon)

   rC:        It protects you from cold.
 x - +0 steam dragon scales (worn)
Scrolls
 f - a scroll of blinking {unknown}
 g - a scroll of fog {unknown}
 i - 2 scrolls of amnesia
 j - a scroll of poison
 m - a scroll of identify {unknown}
 p - a scroll of silence {unknown}
 r - a scroll of enchant armour {unknown}
 w - a scroll of teleportation {unknown}
Potions
 h - 3 potions of heal wounds {unknown}
 k - a potion of magic {unknown}
 n - 2 potions of might {unknown}
 o - a potion of mutation {unknown}
 t - a potion of haste {unknown}
 u - a potion of invisibility {unknown}
 v - a potion of ambrosia {unknown}


   Skills:
 - Level 2.4 Fighting
 - Level 3.0 Short Blades
 - Level 2.1 Throwing
 + Level 5.5 Dodging
 + Level 7.1 Stealth


You had 5 spell levels left.
You didn't know any spells.
Your spell library contained the following spells:

 Spells                   Type           Power      Damage    Failure   Level
 Freeze                   Ice            0%         1d3       32%         1
 Dazzling Flash           Conj/Hex       0%         N/A       69%         3
 Frozen Ramparts          Ice            0%         1d1       69%         3
 Hailstorm                Conj/Ice       0%         3d3       97%         4
 Ice Form                 Ice/Tmut       0%         N/A       97%         4
 Iskenderun's Mystic Bla  Conj/Tloc      0%         2d3       97%         4
 Summon Ice Beast         Ice/Summ       0%         N/A       97%         4
 Starburst                Conj/Fire      0%         6d3       100%        6


Dungeon Overview and Level Annotations

Branches:
Dungeon (4/15)
 Temple: D:4-7

Altars:
Okawaru
Uskayaw
Vehumet
Xom

Shops:
D:2 [

Annotations:
D:4 Grinder


Innate Abilities, Weirdness & Mutations

You are small and have problems with some larger weapons.
You are completely attuned to the shadows.


Message History

The now-empty wand crumbles to dust.
You hear a shout!
Grinder splashes around in the water.
You hit Grinder but do no damage.
Grinder is moderately wounded.
Grinder blinks!
You hit Grinder.
Grinder is heavily wounded.
Grinder hits you!
You hit Grinder but do no damage.
Grinder is heavily wounded.
You barely miss Grinder.
Grinder is heavily wounded.
Grinder gestures at you.
You barely resist. You hit Grinder.
Grinder is heavily wounded.
Grinder hits you but does no damage.
You hit Grinder.
Grinder is heavily wounded.
Grinder completely misses you.
You hit Grinder but do no damage.
Grinder is heavily wounded.
Grinder hits you.
You writhe in agony.
You hit Grinder.
Grinder is heavily wounded.
You hit Grinder but do no damage.
Grinder is heavily wounded.
Grinder splashes around in the water.
You hit Grinder.
Grinder is heavily wounded.
Grinder hits you.
You writhe in agony.
You closely miss Grinder.
Grinder is heavily wounded.
Grinder hits you.
You hit Grinder but do no damage.
Grinder is heavily wounded.
Grinder gestures at you. Pain shoots through your body!
You die...

#P~~≈~≈≈~~
#..~≈~≈~≈~
##..P~~≈~~♣
..P...?5~..
......@..P.
###.....(.#
###.....#
##.....#
#......#
#......
####......
##....†....
##...†.....


You could see Grinder.

Vanquished Creatures
  A steam dragon (D:4)
  2 adders
  2 worms (D:2)
  A dart slug (D:2)
  3 orcs (D:3)
  9 endoplasms
  3 giant cockroaches
  9 goblins
  10 hobgoblins
  7 jackals
  9 kobolds
  2 quokkas (D:3)
  9 ball pythons
  9 bats
  A frilled lizard (D:3)
  A rat (D:2)
78 creatures vanquished.

Notes
Turn   | Place    | Note
-------+----------+-------------------------------------------
     0 | D:1      | bearlyready the Kobold Brigand began the quest for the Orb.
     0 | D:1      | Reached XP level 1. HP: 12/12 MP: 1/1
   141 | D:1      | Reached XP level 2. HP: 18/18 MP: 2/2
   521 | D:1      | Reached XP level 3. HP: 21/22 MP: 3/3
  1014 | D:2      | Reached skill level 6 in Stealth
  1171 | D:2      | Reached XP level 4. HP: 14/27 MP: 4/4
  1703 | D:2      | Found a shimmering altar of Xom.
  1733 | D:2      | Found Huj Wueffo's Antique Armour Shoppe.
  1909 | D:3      | Identified the +3 ring mail of Noughts and Crosses {rC+}
  1922 | D:3      | Found a radiant altar of Vehumet.
  1939 | D:3      | Found a hide-covered altar of Uskayaw.
  2622 | D:3      | Reached XP level 5. HP: 31/31 MP: 5/5
  2847 | D:3      | Found an iron altar of Okawaru.
  2958 | D:4      | Noticed a steam dragon
  2965 | D:4      | Killed a steam dragon
  2966 | D:4      | Reached skill level 5 in Dodging
  2966 | D:4      | Reached skill level 7 in Stealth
  2966 | D:4      | Reached XP level 6. HP: 35/36 MP: 6/6
  2987 | D:4      | Noticed Grinder
  3005 | D:4      | Killed from afar by Grinder

Illustrated notes

Levels and vault maps discovered:
D:1:      ebering_hopf_link, layout_loops_ring
D:2:      layout_basic, basic_altar, serial_shops, nicolae_shop_stone
D:3:      layout_loops_ring, okawaru_altar_gauntlet_db,
          mainiacjoe_overflow_catwalk_spiral
D:4:      minmay_skewed_foursquare, layout_rooms, hangedman_ru_absence,
          minmay_temple_entry_water_ring, gup_ossuary_entry_pyramid,
          guppyfry_early_lair_pool, uniq_grinder, uniq_pikel, uniq_robin,
          uniq_menkaure

Skill      XL: |  1  2  3  4  5 |
---------------+----------------+-----
Short Blades   | 3 |  3.0
Dodging        | 2 3 4 5 |  5.5
Stealth        | 6 7 |  7.1
Fighting       | |  2.4
Throwing       | |  2.1

Action                   |  1- 3 |  4- 6 || total
-------------------------+-------+-------++-------
Melee: Dagger            |   112 |   107 ||   219
       Punch             |     3 |       ||     3
Evoke: Wand              |       |     6 ||     6
  Use: Scroll            |       |     2 ||     2
 Stab: Sleeping          |    16 |    15 ||    31
       Distracted        |     1 |       ||     1
Armor: Robe              |    18 |     9 ||    27
       Steam dragon scal |       |     1 ||     1
Dodge: Dodged            |    82 |    58 ||   140
